 Dungeon Crawl Stone Soup version 0.25.1-2-g60ff931df9 (webtiles) character file.

Game seed: 16333779520723061897

1725 DearestLeader the Destroyer (level 8, -8/57 HPs)
             Began as a Black Draconian Conjurer on Sept 28, 2020.
             Was an Initiate of Vehumet.
             Mangled by an orc warrior
             ... wielding a +0 hand axe
              (16 damage)
             ... in the Ecumenical Temple.
             The game lasted 00:16:07 (5774 turns).

DearestLeader the Destroyer (DrCj)                  Turns: 5774, Time: 00:16:08

Health: -8/57      AC:  6    Str: 11    XL:     8   Next: 75%
Magic:  11/13      EV: 12    Int: 17    God:    Vehumet [......]
Gold:   338        SH:  0    Dex: 12    Spells: 2/13 levels left

rFire    . . .     SeeInvis .   g - +5 rapier (protect)
rCold    . . .     Gourm    .   (no shield)
rNeg     + . .     Faith    .   (armour unavailable)
rPois    .         Spirit   .   (helmet restricted)
rElec    +         Reflect  .   (no cloak)
rCorr    .         Harm     .   (no gloves)
MR       .....                  (no boots)
Stlth    ++........             (no amulet)
HPRegen  0.19/turn              p - ring of positive energy
MPRegen  0.13/turn              (no ring)

@: no status effects
A: breathe lightning, unfitting armour, hooves 1, mutation resistance 1,
electricity resistance, cold-blooded, AC +6
a: Breathe Lightning, Renounce Religion


You were in the Ecumenical Temple.
You worshipped Vehumet.
Vehumet was noncommittal.
You were not hungry.

You visited 2 branches of the dungeon, and saw 6 of its levels.

You collected 338 gold pieces.

Inventory:

Hand Weapons
 e - a +0 dagger
 g - a +5 rapier of protection (weapon)
 h - a +2 dagger of freezing
Missiles
 m - 3 silver javelins (quivered)
Jewellery
 f - an uncursed ring of fire
 p - a ring of positive energy (left hand)
 u - an uncursed amulet of guardian spirit
Wands
 k - a wand of acid (5)
 q - a wand of polymorph (8)
Scrolls
 a - 3 scrolls of identify
 c - a scroll of fear {unknown}
 i - 5 scrolls of teleportation {unknown}
 j - a scroll of enchant weapon {unknown}
 n - 2 scrolls of amnesia
 o - a scroll of remove curse {unknown}
 r - a scroll of fog {unknown}
 t - a scroll of random uselessness {unknown}
Potions
 d - a potion of haste
 l - a potion of flight
 s - a potion of resistance {unknown}
Comestibles
 b - 8 rations
 v - 6 chunks of flesh


   Skills:
 - Level 1.7 Dodging
 - Level 1.7 Stealth
 - Level 3.4 Spellcasting
 * Level 11.0 Conjurations
 + Level 2.8 Evocations


You had 2 spell levels left.
You knew the following spells:

 Your Spells              Type           Power        Failure   Level  Hunger
a - Magic Dart            Conj           ####         1%          1    None
b - Searing Ray           Conj           #####.       1%          2    ##.....
c - Fulminant Prism       Conj/Hex       ###.......   17%         4    ####...
d - Iskenderun's Mystic   Conj/Tloc      ###.....     17%         4    ####...

Your spell library contained the following spells:

 Spells                   Type           Power        Failure   Level  Hunger
 Dazzling Flash           Conj/Hex       ###...       5%          3    ###....


Dungeon Overview and Level Annotations

Branches:
Dungeon (5/15)             Temple (1/1) D:5

Altars:
Fedhas
Hepliaklqana
Kikubaaqudgha
Makhleb
Okawaru
Sif Muna
Uskayaw
Vehumet
Wu Jian
The Shining One


Innate Abilities, Weirdness & Mutations

You can breathe wild blasts of lightning.
Your glossy black scales are hard. (AC +6)
You cannot fit into any form of body armour.
You are resistant to electric shocks. (rElec)
You are cold-blooded and may be slowed by cold attacks.
You have large cloven feet.
You are somewhat resistant to further mutation.


Message History

The orc warrior drinks a potion.
The orc warrior flickers and vanishes!
Deactivating autopickup; reactivate with Ctrl-A.
You start resting.
Something hits you!!
* * * LOW HITPOINT WARNING * * *
Okay, then.
Okay, then.
You see here a jackal skeleton.
Things that are here:
a +0 leather armour; the human skeleton of Eustachio
Things that are here:
53 stones; a +0 chain mail; a potion of lignification
There is a staircase to the Ecumenical Temple here.
Something hits you!
* * * LOW HITPOINT WARNING * * *
You climb downwards.
Welcome back to the Ecumenical Temple!
Reactivating autopickup.
There is a staircase back to the Dungeon here.
Something hits you!
You die...

....##
..........##
..._.......##
............##
#...........#
#...._.....##
#..........#
#.......@..#
#....._..<.#
#..........#
##..........#
##...._.....##
###...........#
####............##
##......_.......##
...............##


There were no monsters in sight!

Vanquished Creatures
  Sigmund (D:2)
  Eustachio (D:5)
  Menkaure (D:5)
  An ice beast (D:5)
  A sky beast (D:5)
  A necrophage (D:5)
  2 phantoms
  2 ogres
  A bullfrog (D:5)
  A scorpion (D:3)
  A crimson imp (D:5)
  2 hounds
  2 orc wizards
  A quasit (D:4)
  A gnoll shaman (D:4)
  A bullfrog skeleton (D:5)
  2 iguanas
  2 worker ants (D:5)
  4 gnolls (D:4)
  8 adders
  2 oozes
  An adder skeleton (D:5)
  An adder zombie (D:5)
  5 worms
  4 dart slugs
  5 leopard geckos
  7 orcs
  2 ball pythons
  2 bats
  8 giant cockroaches
  A goblin (D:2)
  7 jackals
  8 kobolds
  A quokka (D:4)
  4 frilled lizards
  A giant cockroach zombie (D:4)
  A quokka zombie (D:4)
  8 rats
104 creatures vanquished.

Notes
Turn   | Place    | Note
-------+----------+-------------------------------------------
     0 | D:1      | DearestLeader the Draconian Conjurer began the quest for
                  | the Orb.
     0 | D:1      | Reached XP level 1. HP: 14/14 MP: 3/3
   172 | D:1      | Reached XP level 2. HP: 5/20 MP: 0/5
   661 | D:1      | Reached skill level 5 in Conjurations
   717 | D:1      | Reached XP level 3. HP: 26/26 MP: 6/6
  1702 | D:2      | Reached XP level 4. HP: 33/33 MP: 2/7
  1775 | D:2      | Noticed Sigmund
  2728 | D:3      | Reached skill level 6 in Conjurations
  3165 | D:3      | Reached XP level 5. HP: 26/38 MP: 2/8
  3186 | D:3      | Gained mutation: You are somewhat resistant to further
                  | mutation. [potion of mutation]
  3186 | D:3      | Gained mutation: You have large cloven feet. [potion of
                  | mutation]
  3425 | D:2      | Learned a level 2 spell: Searing Ray
  3430 | D:2      | Learned a level 4 spell: Fulminant Prism
  3437 | D:2      | Killed Sigmund
  3437 | D:2      | Reached skill level 7 in Conjurations
  3437 | D:2      | Reached XP level 6. HP: 42/45 MP: 1/10
  3821 | D:4      | Found an iron altar of Okawaru.
  3828 | D:4      | Found a hazy altar of Hepliaklqana.
  3832 | D:4      | Found a burning altar of Makhleb.
  4237 | D:4      | Reached skill level 8 in Conjurations
  4237 | D:4      | Your scales start taking on a glossy black colour.
  4237 | D:4      | Reached XP level 7. HP: 50/50 MP: 0/12
  4237 | D:4      | Gained mutation: You are resistant to electric shocks.
                  | (rElec) [Black Draconian growth]
  4622 | D:4      | Learned a level 4 spell: Iskenderun's Mystic Blast
  4718 | D:5      | Entered Level 5 of the Dungeon
  4969 | D:5      | Found a staircase to the Ecumenical Temple.
  4978 | D:5      | Reached skill level 9 in Conjurations
  4984 | Temple   | Entered the Ecumenical Temple
  4999 | Temple   | Became a worshipper of Vehumet
  5123 | D:5      | Reached XP level 8. HP: 44/57 MP: 9/13
  5272 | D:5      | Reached skill level 10 in Conjurations
  5478 | D:5      | Noticed Menkaure
  5479 | D:5      | Noticed Eustachio
  5486 | D:5      | Killed Menkaure
  5486 | D:5      | Reached skill level 1 in Evocations
  5529 | D:5      | Killed Eustachio
  5667 | D:5      | Reached skill level 11 in Conjurations
  5774 | Temple   | Mangled by an orc warrior

Illustrated notes

Levels and vault maps discovered:
D:1:      ncdulo_halloftheorcs, layout_rooms
D:2:      layout_loops_ring, first_ration, uniq_sigmund
D:3:      layout_basic, serial_bayou_pond_c
D:4:      layout_rooms, minmay_overflow_temple_star_quad
D:5:      cheibrodos_fzero, layout_rooms, nicolae_overflow_hidden_temple,
          minmay_temple_entry_overgrown, uniq_menkaure, uniq_blork_the_orc,
          uniq_eustachio
Temple:   compressed_dpeg_circular_temple

Skill      XL: |  1  2  3  4  5  6  7  8 |
---------------+-------------------------+-----
Conjurations   | 5 6 7 8 9 11 | 11.0
Spellcasting   | 3 |  3.4
Evocations     | 2 |  2.8
Dodging        | |  1.7
Stealth        | |  1.7

Action                   |  1- 3 |  4- 6 |  7- 9 || total
-------------------------+-------+-------+-------++-------
Melee: Unarmed           |    19 |       |       ||    19
       Tailslap          |     5 |     7 |     5 ||    17
       Dagger            |    36 |    52 |    56 ||   144
       Kick              |       |     2 |    11 ||    13
       Rapier            |       |       |     7 ||     7
 Cast: Magic Dart        |    59 |    48 |    19 ||   126
       Searing Ray       |       |     7 |    19 ||    26
 Abil: Breathe Lightning |       |       |     5 ||     5
  Use: Potion            |       |     8 |       ||     8
       Scroll            |       |     1 |       ||     1
 Stab: Sleeping          |     2 |     1 |       ||     3
  Eat: Chunk             |     3 |     2 |     7 ||    12
       Ration            |       |     2 |       ||     2
Armor: Skin              |    25 |    17 |    54 ||    96
Dodge: Dodged            |    46 |    43 |    78 ||   167
